 Dungeon Crawl Stone Soup version 0.28-a0-1233-g92def6ad0a (webtiles) character file.

Game seed: 2736967428322172283

33 Lekart the Skirmisher (level 3, -1/33 HPs)
             Began as a Draconian Chaos Knight on Dec 23, 2021.
             Was a Plaything of Xom.
             Slain by Natasha (8 damage)
             ... on level 2 of the Dungeon.
             The game lasted 00:01:54 (925 turns).

Lekart the Skirmisher (Draconian Chaos Knight)       Turns: 925, Time: 00:01:54

Health: -1/33      AC:  5    Str: 12    XL:     3   Next: 12%
Magic:  3/3        EV: 12    Int: 10    God:    Xom [...*..]
Gold:   121        SH:  0    Dex: 12    Spells: 2/2 levels left

rFire   . . .      SeeInvis .   a - +0 hand axe (chaos)
rCold   . . .      Faith    .   (no shield)
rNeg    . . .      Spirit   .   (armour unavailable)
rPois   .          Reflect  .   (helmet restricted)
rElec   .          Harm     .   (no cloak)
rCorr   .          Rampage  .   (no gloves)
Will    .....                   (no boots)
Stlth   +.........              (no amulet)
HPRegen 0.11/turn               (no ring)
MPRegen 0.08/turn               (no ring)

@: slowed, very slow
A: AC +5, unfitting armour, cold-blooded, stinger 2, dopey 1, mutation
resistance 1, weak 1
a: Renounce Religion


You were on level 2 of the Dungeon.
You worshipped Xom.
You were a favourite toy of Xom.
You visited 1 branch of the dungeon, and saw 2 of its levels.

You collected 121 gold pieces.

Inventory:

Hand Weapons
 a - a +0 hand axe of chaos (weapon)
Jewellery
 c - an amulet of guardian spirit


   Skills:
 + Level 3.8 Fighting
 + Level 3.6 Axes
 + Level 2.4 Dodging


You had 2 spell levels left.
You didn't know any spells.
Your spell library contained the following spells:

 Spells                   Type           Power      Damage    Failure   Level
 Sting                    Tmut/Pois      0%         1d3       36%         1
 Poisonous Vapours        Pois/Air       0%         N/A       50%         2
 Olgreb's Toxic Radiance  Pois           0%         N/A       98%         4


Dungeon Overview and Level Annotations

Branches:
Dungeon (2/15)

Altars:

Annotations:
D:2 Natasha


Innate Abilities, Weirdness & Mutations

Your plain brown scales are hard. (AC +5)
You cannot fit into any form of body armour.
You are cold-blooded and may be slowed by cold attacks.
Your tail ends in a sharp venomous barb.
You are dopey. (Int -2)
You are somewhat resistant to further mutation.
You are weak. (Str -2)


Message History

You hit the shadow imp. You burn the shadow imp.
The shadow imp is heavily wounded.
You barely miss Natasha. Natasha claws you but does no damage.
Natasha stares at you and mumbles some strange words.
The magic dart hits you.
The helpless shadow imp fails to defend itself.
You hit the shadow imp.
You kill the shadow imp!
The shadow imp disappears in a puff of smoke!
You hit Natasha but do no damage. Natasha claws you!
You are too injured to fight recklessly!
You are too injured to fight recklessly!
You are too injured to fight recklessly!
You are too injured to fight recklessly!
You are too injured to fight recklessly!
You aren't carrying any potions.
You hit Natasha but do no damage. Natasha casts a spell at you.
You resist with significant effort.
You barely miss Natasha.
You tail-slap Natasha, but do no damage.
Natasha claws you.
* * * LOW HITPOINT WARNING * * *
You barely miss Natasha.
Your tail-slap misses Natasha.
Natasha claws you but does no damage.
You hit Natasha.
Natasha easily resists.
Your tail-slap misses Natasha.
Natasha is lightly wounded.
Natasha claws you.
* * * LOW HITPOINT WARNING * * *
You hit Natasha. You burn Natasha.
Natasha is heavily wounded.
Natasha stares at you and mumbles some strange words.
You feel yourself slow down.
You barely miss Natasha.
Natasha is heavily wounded.
Natasha claws you but does no damage. Natasha barely misses you.
You hit Natasha but do no damage.
Natasha is heavily wounded.
Natasha misses you. Natasha claws you!
You die...

#... #.###......
###...##<.......##
..................
...........##...#
...........# .#
..........$# #
...........# ..#
.....(.)...#....#
.........@h......
.................
..#.#.....#......
. #.#.....#######
. ####### #


You could see Natasha.

Vanquished Creatures
  4 dart slugs (D:1)
  An endoplasm (D:1)
  A giant cockroach (D:1)
  2 goblins (D:1)
  3 hobgoblins (D:1)
  2 jackals (D:1)
  A quokka (D:1)
  4 ball pythons
  2 bats (D:1)
  3 frilled lizards (D:1)
  A kobold (D:2)
24 creatures vanquished.

Vanquished Creatures (others)
  4 fungi (D:1)
  2 toadstools (D:1)
6 creatures vanquished.

Grand Total: 30 creatures vanquished

Notes
Turn   | Place    | Note
-------+----------+-------------------------------------------
     0 | D:1      | Lekart the Draconian Chaos Knight began the quest for the
                  | Orb.
     0 | D:1      | Reached XP level 1. HP: 19/19 MP: 1/1
    15 | D:1      | Gained mutation: You are dopey. (Int -2) [potion of
                  | mutation]
    15 | D:1      | Gained mutation: You tend to lose your temper in combat.
                  | [potion of mutation]
    15 | D:1      | Gained mutation: Your tail ends in a venomous barb. [potion
                  | of mutation]
    15 | D:1      | Gained mutation: You are somewhat resistant to further
                  | mutation. [potion of mutation]
   137 | D:1      | XOM: silly message
   201 | D:1      | XOM: cast spell 'Call Canine Familiar'
   218 | D:1      | Reached XP level 2. HP: 23/26 MP: 2/2
   301 | D:1      | XOM: god gift: mace {god gift}
   500 | D:1      | XOM: scenery: 2 doors open
   502 | D:1      | XOM: smoke on damage
   753 | D:1      | XOM: give mutations
   753 | D:1      | Lost mutation: You tend to lose your temper in combat.
                  | [Xom's mischief]
   753 | D:1      | Gained mutation: You are weak. (Str -2) [Xom's mischief]
   753 | D:1      | Gained mutation: Your tail ends in a sharp venomous barb.
                  | [Xom's mischief]
   758 | D:1      | Reached XP level 3. HP: 33/33 MP: 3/3
   892 | D:1      | XOM: scenery: 1 doors close
   911 | D:2      | Noticed Natasha
   916 | D:2      | XOM: enchant monster (good)
   925 | D:2      | Slain by Natasha

Illustrated notes

Levels and vault maps discovered:
D:1:      dpeg_arrival_pits, layout_basic, minmay_gold_behind_fungi
D:2:      layout_basic, chequers_ecumenical_altar_twisty, basic_altar,
          serial_glass, glass_columns_a, glass_columns_c, glass_columns_a,
          glass_columns_c, minmay_puff, uniq_crazy_yiuf_cottage, uniq_natasha

Action                   || total
-------------------------++-------
Melee: Hand axe          ||    60
       Tailslap          ||     4
  Use: Potion            ||     2
       Scroll            ||     1
 Stab: Paralysed         ||     2
Armor: Skin              ||    15
Dodge: Dodged            ||    48

Table legend: (Time is in decaauts)
 A = Elapsed time spent in this place.
 B = Non-inter-level travel time spent in this place.
 C = Inter-level travel time spent in this place.
 D = Time resting spent in this place.
 E = Time spent auto-exploring this place.
 F = Levels seen in this place.
 G = Mean time per level.
                   A        B        C        D        E       F      G
               +--------+--------+--------+--------+--------+-----+--------+
         Total |    936 |    914 |     22 |    121 |    618 |   2 |  468.0 |
       Dungeon |    936 |    914 |     22 |    121 |    618 |   2 |  468.0 |
               +--------+--------+--------+--------+--------+-----+--------+

Top non-repeatable levels by time:
     D:1: 916 daAuts
     D:2: 19 daAuts
